 Dungeon Crawl Stone Soup version 0.21.1-1-g345015f (webtiles) character file.

39 Iko the Gusty (level 3, 0/31 HPs)
             Began as a Troll Air Elementalist on May 27, 2018.
             Succumbed to a worker ant's poison
             ... on level 5 of the Dungeon.
             The game lasted 00:06:36 (807 turns).

Iko the Gusty (Troll Air Elementalist)               Turns: 807, Time: 00:06:36

Health: 0/31       AC:  5    Str: 16    XL:     3   Next: 28%
Magic:  2/4        EV: 10    Int: 11    God:
Gold:   62         SH:  0    Dex: 11    Spells: 3/4 levels left

rFire    . . .     SeeInvis .   g - +0 mace
rCold    . . .     Gourm    +   (no shield)
rNeg     . . .     Faith    .   a - +0 robe
rPois    .         Spirit   .   (helmet restricted)
rElec    .         Reflect  .   (no cloak)
rCorr    .         Harm     .   (gloves unavailable)
MR       .....                  (boots unavailable)
Stlth    ++........             (no amulet)
HPRegen  0.50/turn              (no ring)
MPRegen  0.09/turn              (no ring)

@: lethally poisoned (0 -> -10)
A: large, unfitting armour, claws 3, fast metabolism 3, gourmand, regeneration
1, shaggy fur 1, tough skin 2
a: no special abilities


You were on level 5 of the Dungeon.
You were not hungry.

You visited 2 branches of the dungeon, and saw 6 of its levels.

You collected 62 gold pieces.

Inventory:

Hand Weapons
 g - a +0 mace (weapon)
Armour
 a - a +0 robe (worn)
Scrolls
 d - a scroll of remove curse
Books
 b - a book of Air

   Spells                             Type                      Level
   a - Shock                          Conjuration/Air              1
   b - Swiftness                      Charms/Air                   2
   c - Static Discharge               Conjuration/Air              3
   d - Airstrike                      Air                          4
   e - Lightning Bolt                 Conjuration/Air              5
Comestibles
 c - 2 rations


   Skills:
 + Level 0.1 Fighting
 + Level 1.8 Dodging
 + Level 1.2 Stealth
 + Level 0.6 Unarmed Combat
 + Level 1.3 Spellcasting
 + Level 0.7 Conjurations
 + Level 2.4 Air Magic


You had 3 spell levels left.
You knew the following spells:

 Your Spells              Type           Power        Failure   Level  Hunger
a - Shock                 Conj/Air       #...         16%         1    ##.....


Dungeon Overview and Level Annotations

Branches:
Dungeon (5/15)             Temple (1/1) D:5

Altars:
Ashenzari
Cheibriados
Dithmenos
Elyvilon
Fedhas
Makhleb
Nemelex Xobeh
Okawaru
Qazlal
Ru
Sif Muna
Trog
Uskayaw
Vehumet
Wu Jian
Xom
Zin
The Shining One


Innate Abilities, Weirdness & Mutations

You are too large for most types of armour.
You have claws for hands.
Your metabolism is lightning-fast.
You like to eat raw meat.
Your natural rate of healing is unusually fast.
You are covered in fur. (AC +1)
You have very tough skin. (AC +2)


Message History

The worker ant is heavily wounded.
* * * LOW HITPOINT WARNING * * *
You feel sick. The worker ant bites you.
* * * LOW HITPOINT WARNING * * *
You are more poisoned.
The worker ant poisons you! The worker ant barely misses you.
You sock the worker ant!
You kill the worker ant!
You have reached level 3!
Your experience leads to an increase in your attributes!
Increase (S)trength, (I)ntelligence, or (D)exterity?
You feel agile.
You feel stronger.
* * * LOW HITPOINT WARNING * * *
You feel very sick.
* * * LOW HITPOINT WARNING * * *
You feel sick.
* * * LOW HITPOINT WARNING * * *
You feel sick.
Found an escape hatch in the ceiling.
You die...

... .# #.. .. #.# .
#.###. #.##.###+###
#.##.#.....#
.######.##.#.⌠.⌠.#######
.<.....@...'..>..'..<..#
.#####.##..#.⌠.⌠.#.....#
... #.##[....#.....#
........####'###.....#
........###.#..# ......#
.#####.# #.#.##.......#
... #............# ###
#....########## #.####


There were no monsters in sight!

Vanquished Creatures
  A worker ant (D:5)
  A dart slug (D:1)
  A giant cockroach (D:1)
  2 hobgoblins (D:1)
  3 ball pythons
  3 bats (D:1)
  3 frilled lizards (D:1)
  A rat (D:1)
15 creatures vanquished.

Notes
Turn   | Place    | Note
-------+----------+-------------------------------------------
     0 | D:1      | Iko the Troll Air Elementalist began the quest for the Orb.
     0 | D:1      | Reached XP level 1. HP: 16/16 MP: 1/1
   204 | D:1      | Reached XP level 2. HP: 24/24 MP: 2/2
   487 | D:5      | Entered Level 5 of the Dungeon
   490 | D:5      | Found a staircase to the Ecumenical Temple.
   506 | Temple   | Entered the Ecumenical Temple
   804 | D:5      | Reached XP level 3. HP: 7/31 MP: 2/4
   807 | D:5      | Succumbed to a worker ant's poison

Action                   || total
-------------------------++-------
Melee: Unarmed           ||    28
       Spear             ||    18
       Mace              ||     9
 Cast: Shock             ||     3
  Use: Potion            ||     3
       Scroll            ||     2
  Eat: Ration            ||     2
Armor: Robe              ||    30
Dodge: Dodged            ||    42
